 Dungeon Sprint DCSS version 0.17-a0-1468-gbf503c2 (webtiles) character file.

14083 pulse the Fencer (level 12, -1/105 HPs)
             Began as a Formicid Fighter on July 1, 2015.
             Was the Champion of the Shining One.
             Slain by an ogre
             ... wielding a +0 giant club
             ... created by the rage of Trog
              (42 damage)
             ... in the Dungeon (Sprint IX: "|||||||||||||||||||||||||||||").
             The game lasted 00:08:24 (2081 turns).

pulse the Fencer (Formicid Fighter)                 Turns: 2081, Time: 00:08:25

Health: -1/105     AC:  4    Str: 26    XL:     12   Next: 40%
Magic:  16/18      EV: 14    Int:  8    God:    the Shining One [******]
Gold:   1541       SH: 24    Dex: 10    Spells: 0 memorised, 11 levels left

rFire  . . .     SeeInvis +     t - +14 plutonium sword {*Contam Stlth-}
rCold  . . .     Clarity  .     (no armour)
rNeg   + + +     SustAt   .     c - +0 shield
rPois  .         Gourm    .     (helmet unavailable)
rElec  .         Spirit   .     s - +0 cloak
rCorr  .         Warding  .     C - +0 pair of gloves
rMut   .         Stasis   +     r - +0 pair of boots
MR     +....                    (no amulet)
Stlth  ..........               (no ring)
                                (no ring)

@: divine shield, glowing, somewhat resistant to hostile enchantments, extremely
unstealthy
A: permanent stasis, dig shafts and tunnels, four strong arms, antennae 3
a: Dig, Divine Shield, Cleansing Flame, Summon Divine Warrior, Renounce Religion


You were in the Dungeon.
You worshipped the Shining One.
The Shining One was exalted by your worship.
You were not hungry.

You visited 1 branch You collected 1904 gold pieces.
You spent 363 gold pieces at shops.

Inventory:

Hand weapons
 a - a +0 long sword
 t - the +14 plutonium sword (weapon) {*Contam Stlth-}
   (You found it in the Dungeon)

   It causes magical contamination when unequipped.
   It makes you less stealthy.
Armour
 c - a +0 shield (worn)
 o - a +2 ring mail of fire resistance
 r - a +0 pair of boots (worn)
 s - a +0 cloak (worn)
 y - a +1 scale mail of cold resistance
 B - a cursed +0 chain mail
 C - a +0 pair of gloves (worn)
Jewellery
 p - a +2 ring of protection
 q - a +3 ring of strength
Magical devices
 n - a wand of fire (1)
Scrolls
 b - 2 scrolls of recharging
 k - 2 scrolls of blinking
 m - 5 scrolls of remove curse
 u - 2 scrolls of amnesia
 w - 4 scrolls of enchant weapon
 x - 4 scrolls of enchant armour
Potions
 f - 5 potions of curing
 g - a potion of invisibility
 h - a potion of haste
 i - 4 potions of magic
 j - a potion of berserk rage
 l - 4 potions of heal wounds
 v - a potion of cure mutation
Comestibles
 d - a slice of pizza
 e - 15 bread rations
 z - 39 fruits
 A - 11 meat rations


   Skills:
 + Level 13.5 Fighting
 * Level 19.1 Long Blades
 + Level 10.5 Armour
 - Level 6.5 Dodging
 + Level 14.9 Shields
 * Level 9.1 Invocations
 + Level 2.5 Evocations


You had 11 spell levels left.
You didn't know any spells.

Dungeon Overview and Level Annotations

Branches:
Dungeon (1/1)

Altars:
Cheibriados
Dithmenos
Elyvilon
Fedhas
Gozag
Kikubaaqudgha
Makhleb
Nemelex Xobeh
Okawaru
Qazlal
Ru
Sif Muna
Trog
Vehumet
Xom
Yredelemnul
Zin
The Shining One
Beogh
Jiyva
Lugonu

Shops:
D %??[


Innate Abilities, Weirdness & Mutations

You are under a permanent stasis effect.
You can dig through walls and to a lower floor.
Your four strong arms can wield two-handed weapons with a shield.
You have a pair of large antennae on your head (SInv).


Message History

You slash the polar bear!
The polar bear is heavily wounded.
The polar bear bites you but does no damage.
The polar bear misses you. You block the polar bear's attack.
You block the ogre's attack. You block the polar bear's attack.
The polar bear claws you but does no damage.
You block the polar bear's attack.
You slice the polar bear!!
The polar bear is almost dead.
The ogre barely misses you. You block the polar bear's attack.
The polar bear closely misses you. You block the polar bear's attack.
Unknown command.
You slice the polar bear!!
You kill the polar bear!
That felt strangely unrewarding.
You block the ogre's attack.
Unknown command.
You slice the ogre!!
The ogre is heavily wounded.
The ogre hits you with a giant club!!!
You die...

▓+▓.▓[▓.▓.▓
{
▓.▓.▓.▓.▓†▓
{
▓.▓.▓.▓.▓'▓
{
▓.▓.▓.▓.▓.▓
{
▓.▓.▓'▓.▓.▓
{
▓.▓.▓.▓.▓.▓
{
{▓∩▓.▓.▓.▓.▓
{
▓O▓.▓)▓.▓.▓
{
▓@▓.▓.▓.▓.▓
{
▓)▓.▓.▓.▓)▓
{
▓∩▓.▓.▓.▓.▓
{
▓.▓.▓.▓.▓.▓
{
▓∩▓.▓.▓.▓.▓
{
▓.▓.▓.▓.▓.▓
{
▓.▓.▓.▓.▓.▓
{
▓)▓.▓.▓.▓)▓
▓)▓.▓.▓.▓|▓


You could see an ogre (berserk).

Vanquished Creatures
  2 dire elephants (D)
  A ghost crab (D)
  An orc knight (D)
  9 orc sorcerers (D)
  A griffon (D)
  An octopode (D)
  A black mamba (D)
  5 elephants (D)
  A torpor snail (D)
  3 polar bears (D)
  2 two-headed ogres (D)
  A blink frog (D)
  2 trapdoor spiders (D)
  A fire bat (D)
  A spriggan (D)
  A deep elf mage (D)
  A hippogriff (D)
  A basilisk (D)
  4 yaks (D)
  3 water moccasins (D)
  A porcupine (D)
  An eye of draining (D)
  A sky beast (D)
  A necrophage (D)
  4 black bears (D)
  3 crocodiles (D)
  11 orc warriors (D)
  3 ogres (D)
  2 big kobolds (D)
  A brain worm (D)
  A hound (D)
  2 orc priests (D)
  7 orc wizards (D)
  2 iguanas (D)
  A river rat (D)
  An adder zombie (D)
  6 orcs (D)
  2 goblins (D)
  2 kobolds (D)
  A jackal (D)
  A rat (D)
96 creatures vanquished.

Vanquished Creatures (others)
  An orc warrior (D)
1 creature vanquished.

Grand Total: 97 creatures vanquished

Notes
Turn   | Place    | Note
--------------------------------------------------------------
     0 | D        | pulse the Formicid Fighter began the quest for the Orb.
     0 | D        | Reached XP level 1. HP: 18/18 MP: 1/1
     7 | D        | Reached skill level 4 in Shields
    26 | D        | Noticed an orc wizard
    26 | D        | Noticed an ogre
    26 | D        | Noticed an orc wizard
    26 | D        | Noticed a sky beast
    37 | D        | Killed a sky beast
    37 | D        | Reached skill level 5 in Fighting
    37 | D        | Reached skill level 5 in Armour
    37 | D        | Reached skill level 1 in Dodging
    37 | D        | Reached skill level 6 in Shields
    37 | D        | Reached XP level 2. HP: 12/27 MP: 2/2
    37 | D        | Reached XP level 3. HP: 14/33 MP: 3/3
    37 | D        | Reached XP level 4. HP: 16/39 MP: 4/4
    37 | D        | Reached XP level 5. HP: 18/44 MP: 5/5
    42 | D        | Killed an ogre
    42 | D        | Reached skill level 5 in Long Blades
    42 | D        | Reached skill level 7 in Shields
    52 | D        | Killed an orc wizard
    52 | D        | Reached skill level 8 in Shields
    52 | D        | Reached XP level 6. HP: 38/53 MP: 6/6
    57 | D        | Killed an orc wizard
   136 | D        | Found a glowing silver altar of Zin.
   136 | D        | Found a glowing golden altar of the Shining One.
   136 | D        | Found an ancient bone altar of Kikubaaqudgha.
   136 | D        | Found a basalt altar of Yredelemnul.
   136 | D        | Found a shimmering altar of Xom.
   136 | D        | Found a radiant altar of Vehumet.
   137 | D        | Found an iron altar of Okawaru.
   138 | D        | Found a burning altar of Makhleb.
   139 | D        | Found a deep blue altar of Sif Muna.
   140 | D        | Found a bloodstained altar of Trog.
   141 | D        | Found a sparkling altar of Nemelex Xobeh.
   142 | D        | Found a white marble altar of Elyvilon.
   143 | D        | Found a roughly hewn altar of Beogh.
   144 | D        | Found a viscous altar of Jiyva.
   145 | D        | Found a corrupted altar of Lugonu.
   146 | D        | Found a blossoming altar of Fedhas.
   147 | D        | Found a snail-covered altar of Cheibriados.
   148 | D        | Became a worshipper of Trog the Wrathful
   149 | D        | Found a shadowy altar of Dithmenos.
   150 | D        | Found a stormy altar of Qazlal.
   151 | D        | Found an opulent altar of Gozag.
   152 | D        | Found a sacrificial altar of Ru.
   256 | D        | Fell from the grace of Trog
   256 | D        | Became a worshipper of the Shining One
   331 | D        | Noticed a yak
   331 | D        | Noticed a necrophage
   331 | D        | Acquired the Shining One's first power
   331 | D        | Noticed a hippogriff
   331 | D        | Noticed a deep elf mage
   331 | D        | Noticed a black bear
   334 | D        | Killed a black bear
   334 | D        | Reached skill level 9 in Shields
   336 | D        | Killed a deep elf mage
   336 | D        | Reached skill level 10 in Shields
   336 | D        | Reached XP level 7. HP: 56/60 MP: 7/7
   339 | D        | Killed a hippogriff
   342 | D        | Killed a necrophage
   342 | D        | Acquired the Shining One's second power
   347 | D        | Killed a yak
   347 | D        | Reached skill level 11 in Shields
   347 | D        | Reached XP level 8. HP: 47/67 MP: 8/8
   446 | D        | Noticed an orc warrior
   446 | D        | Noticed a big kobold
   446 | D        | Noticed an eye of draining
   446 | D        | Noticed a hound
   446 | D        | Noticed a trapdoor spider
   448 | D        | Noticed a trapdoor spider
   449 | D        | Killed a trapdoor spider
   451 | D        | Killed a hound
   458 | D        | Killed an eye of draining
   458 | D        | Reached skill level 10 in Long Blades
   460 | D        | Killed a big kobold
   462 | D        | Killed an orc warrior
   462 | D        | Reached skill level 5 in Dodging
   495 | D        | Killed a trapdoor spider
   495 | D        | Reached XP level 9. HP: 64/74 MP: 4/9
   690 | D        | Noticed an iguana
   690 | D        | Noticed a water moccasin
   690 | D        | Noticed a crocodile
   690 | D        | Noticed a blink frog
   690 | D        | Noticed an iguana
   692 | D        | Noticed a porcupine
   692 | D        | Acquired the Shining One's third power
   692 | D        | Killed an iguana
   692 | D        | Reached skill level 12 in Shields
   695 | D        | Killed a blink frog
   697 | D        | Killed a crocodile
   699 | D        | Killed a water moccasin
   700 | D        | Killed an iguana
   701 | D        | Killed a porcupine
   705 | D        | Noticed a torpor snail
   706 | D        | Noticed a crocodile
   712 | D        | Killed a torpor snail
   715 | D        | Killed a crocodile
   794 | D        | Noticed a water moccasin
   794 | D        | Noticed a basilisk
   794 | D        | Noticed a yak
   794 | D        | Noticed a yak
   794 | D        | Noticed a black mamba
   794 | D        | Noticed a yak
   799 | D        | Noticed a griffon
   799 | D        | Killed a yak
   806 | D        | Noticed a brain worm
   810 | D        | Killed a black mamba
   810 | D        | Reached skill level 10 in Fighting
   810 | D        | Reached skill level 13 in Long Blades
   810 | D        | Reached XP level 10. HP: 35/85 MP: 10/10
   811 | D        | Killed a yak
   812 | D        | Killed a yak
   813 | D        | Noticed a crocodile
   815 | D        | Killed a griffon
   815 | D        | Reached skill level 14 in Long Blades
   815 | D        | Reached skill level 10 in Armour
   819 | D        | Killed a basilisk
   820 | D        | Killed a water moccasin
   821 | D        | Killed a brain worm
   821 | D        | Acquired the Shining One's fourth power
   828 | D        | Killed a crocodile
   998 | D        | Noticed an elephant
   998 | D        | Noticed a dire elephant
   998 | D        | Noticed an elephant
   998 | D        | Noticed an elephant
   998 | D        | Noticed an elephant
   998 | D        | Noticed an elephant
  1003 | D        | Killed an elephant
  1009 | D        | Noticed a dire elephant
  1013 | D        | Killed a dire elephant
  1013 | D        | Reached skill level 15 in Long Blades
  1013 | D        | Reached skill level 1 in Evocations
  1015 | D        | Killed an elephant
  1019 | D        | Noticed an elephant
  1019 | D        | Killed an elephant
  1019 | D        | Reached XP level 11. HP: 49/94 MP: 9/14
  1031 | D        | Killed a dire elephant
  1031 | D        | Reached skill level 16 in Long Blades
  1031 | D        | Reached skill level 5 in Invocations
  1034 | D        | Killed an elephant
  1038 | D        | Killed an elephant
  1041 | D        | Noticed a ghost crab
  1041 | D        | an elephant changed into a ghost crab
  1043 | D        | Killed a ghost crab
  1460 | D        | Noticed an orc priest
  1460 | D        | Noticed an orc priest
  1460 | D        | Noticed an orc warrior
  1460 | D        | Noticed an orc wizard
  1461 | D        | Killed an orc wizard
  1461 | D        | Killed an orc priest
  1462 | D        | Noticed an orc wizard
  1462 | D        | Killed an orc warrior
  1463 | D        | Killed an orc priest
  1466 | D        | Noticed an orc warrior
  1468 | D        | Killed an orc wizard
  1469 | D        | Noticed an orc warrior
  1474 | D        | Killed an orc warrior
  1474 | D        | Reached skill level 17 in Long Blades
  1475 | D        | an orc warrior changed into a big kobold
  1507 | D        | Noticed an orc knight
  1507 | D        | Noticed an orc warrior
  1507 | D        | Noticed an orc warrior
  1507 | D        | Noticed an orc warrior
  1507 | D        | Noticed an orc warrior
  1507 | D        | Noticed an orc warrior
  1510 | D        | Killed an orc warrior
  1511 | D        | Noticed an orc warrior
  1511 | D        | Killed an orc warrior
  1512 | D        | Noticed an orc warrior
  1514 | D        | Killed an orc warrior
  1515 | D        | Noticed an orc warrior
  1516 | D        | Noticed an orc warrior
  1517 | D        | an orc warrior changed into a water moccasin
  1522 | D        | Noticed an orc warrior
  1528 | D        | Killed an orc knight
  1531 | D        | Killed an orc warrior
  1531 | D        | Killed an orc warrior
  1533 | D        | Noticed an orc warrior
  1534 | D        | Killed an orc warrior
  1536 | D        | Killed an orc warrior
  1538 | D        | Killed an orc warrior
  1542 | D        | Killed an orc warrior
  1543 | D        | an orc warrior changed into a fire bat
  1707 | D        | Found Nukkoxteenu's Antique Armour Boutique.
  1707 | D        | Noticed an orc sorcerer
  1707 | D        | Noticed an orc sorcerer
  1707 | D        | Noticed an orc wizard
  1707 | D        | Noticed an orc sorcerer
  1707 | D        | Noticed an orc sorcerer
  1708 | D        | Noticed an ice devil
  1708 | D        | Killed an orc wizard
  1709 | D        | Killed an orc sorcerer
  1710 | D        | Killed an orc sorcerer
  1710 | D        | Reached skill level 18 in Long Blades
  1711 | D        | Noticed an orc sorcerer
  1714 | D        | Killed an ice devil
  1719 | D        | Noticed an ice devil
  1719 | D        | Killed an orc sorcerer
  1719 | D        | Reached XP level 12. HP: 80/103 MP: 18/18
  1720 | D        | Noticed an orc sorcerer
  1725 | D        | Killed an orc sorcerer
  1728 | D        | Noticed a soul eater
  1729 | D        | Found Uffel's Magic Scroll Shop.
  1731 | D        | Killed an orc sorcerer
  1737 | D        | Killed an orc sorcerer
  1739 | D        | Found Ruibab's Magic Scroll Boutique.
  1753 | D        | Noticed an orc sorcerer
  1754 | D        | Found Vaffour's Food Shop.
  1755 | D        | Noticed a sun demon
  1755 | D        | Noticed an orc wizard
  1756 | D        | Noticed an orc sorcerer
  1760 | D        | Noticed an orc wizard
  1760 | D        | Killed a sun demon
  1761 | D        | Noticed an orc sorcerer
  1763 | D        | Noticed an orc sorcerer
  1764 | D        | Killed an orc sorcerer
  1766 | D        | Killed an orc wizard
  1770 | D        | Killed an orc sorcerer
  1779 | D        | Noticed a sun demon
  1779 | D        | an ice devil changed into a sun demon
  1782 | D        | Killed a sun demon
  1784 | D        | Killed an orc sorcerer
  1787 | D        | an orc sorcerer changed into an octopode
  1788 | D        | Reached skill level 19 in Long Blades
  1789 | D        | Killed an orc wizard
  2055 | D        | Bought a scroll of recharging for 123 gold pieces
  2057 | D        | Bought a runed chain mail for 126 gold pieces
  2065 | D        | Bought a scroll of recharging for 114 gold pieces
  2081 | D        | Slain by an ogre

Vault maps used:
D:        linesprint

Action                   |  1- 3 |  4- 6 |  7- 9 | 10-12 || total
-------------------------+-------+-------+-------+-------++-------
Melee: Long sword        |    26 |    19 |       |       ||    45
       Triple sword      |       |     5 |    59 |   198 ||   262
Invok: Divine Shield     |       |       |       |     4 ||     4
Evoke: Wand              |       |       |     2 |     4 ||     6
  Use: Potion            |       |     1 |     2 |     4 ||     7
 Stab: Fleeing           |       |     1 |       |       ||     1
  Eat: Chunk             |       |       |       |     1 ||     1
       Meat ration       |       |       |       |     1 ||     1
       Fruit             |       |       |       |     1 ||     1
